Map: Orbital Shipyard

Players

Oxymoron

  • Race: Protoss Protoss
  • League: Platinum

LilDicky - Winner!

  • Race: Terran Terran
  • League: Platinum

VOD

http://www.twitch.tv/tumescentpie

Description

Time

  • Played on: Nov. 20, 2015, 8:55 p.m.
  • Length: 6:54
Show
View Real Time Build Order
Export as new Build Order

Oxymoron Protoss 

Build Orders:  

Get SALT Encoding   

  12  0:01  Probe (Chrono Boost)  
  13  0:11  Probe (Chrono Boost)  
  14  0:18  Pylon  
  14  0:23  Probe (Chrono Boost)  
  15  0:36  Probe (Chrono Boost)  
  15  0:39  Gateway  
  16  0:47  Probe (Chrono Boost)  
  17  0:59  Probe (Chrono Boost)  
  17  1:02  Assimilator  
  18  1:09  Probe (Chrono Boost)  
  19  1:14  Pylon  
  19  1:20  Probe (Chrono Boost)  
  20  1:27  Cybernetics Core  
  20  1:30  Probe (Chrono Boost)  
  21  1:41  Probe (Chrono Boost)  
  22  1:50  Nexus  
  22  1:54  Probe (Chrono Boost)  
  23  2:04  Warp Gate (Chrono Boost)  
  23  2:05  Probe  
  23  2:08  Adept  
  26  2:18  Pylon  
  26  2:23  Gateway  
  26  2:26  Probe  
  27  2:32  Assimilator  
  27  2:43  Robotics Facility  
  27  2:46  Probe  
  28  3:00  Probe  
  28  3:05  Probe  
  30  3:13  Probe (Chrono Boost)  
  30  3:14  Stalker x2  
  30  3:17  Probe (Chrono Boost)  
  36  3:24  Probe (Chrono Boost)  
  37  3:30  Observer (Chrono Boost)  
  38  4:00  Observer (Chrono Boost)  
  39  4:05  Gateway  
  39  4:08  Gateway  
  39  4:10  Nexus  
  39  4:12  Probe x2  
  39  4:13  Gateway  
  41  4:24  Warp Prism (Chrono Boost)  
  43  4:28  Probe  
  43  4:29  Probe  
  45  4:35  Pylon  
  45  4:38  Probe  
  45  4:41  Probe  
  47  4:54  Stalker  
  47  4:55  Stalker  
  51  5:00  Pylon  
  51  5:02  Pylon  
  51  5:07  Forge  
  51  5:10  Adept x2  
  55  5:21  Pylon  
  55  5:22  Adept x2  
  55  5:24  Probe  
  55  5:27  Probe  
  60  5:32  Probe, Assimilator  
  62  5:36  Probe  
  62  5:38  Probe  
  62  5:39  Adept  
  66  5:42  Stalker  
  66  5:45  Adept  
  72  5:50  Mothership Core (Chrono Boost)  
  72  5:52  Adept  
  74  6:03  Adept x2  
  62  6:12  Adept x2  
  57  6:25  Adept x2  
  57  6:26  Adept  
  60  6:34  Adept x2  
Show
View Real Time Build Order
Export as new Build Order

LilDicky Terran - Winner!

Build Orders:  

Get SALT Encoding   

  12  0:02  SCV  
  13  0:17  Supply Depot  
  13  0:19  SCV  
  14  0:31  SCV  
  14  0:33  Refinery  
  15  0:46  SCV  
  16  0:51  Barracks  
  16  0:58  SCV  
  17  1:10  SCV  
  18  1:22  SCV  
  19  1:38  Orbital Command  
  19  1:39  Reaper  
  20  1:44  Supply Depot  
  20  1:58  Factory  
  20  2:03  Supply Depot  
  20  2:04  SCV  
  21  2:11  Marine  
  22  2:15  Barracks  
  22  2:17  Barracks  
  22  2:22  SCV  
  23  2:34  SCV  
  23  2:35  Marine  
  24  2:51  SCV  
  25  2:53  Barracks Reactor  
  25  3:00  Widow Mine  
  25  3:04  Barracks Tech Lab  
  25  3:05  Supply Depot, Barracks Tech Lab  
  27  3:07  SCV  
  27  3:09  Refinery  
  27  3:11  Barracks Reactor  
  29  3:20  SCV  
  29  3:26  Marine  
  28  3:50  Marauder, Marine x2  
  28  3:51  SCV, Stimpack  
  33  3:59  Supply Depot, Marine x2  
  35  4:03  SCV  
  35  4:08  Marine  
  35  4:09  Marine  
  38  4:12  Marauder  
  38  4:16  SCV  
  41  4:18  Marine x2  
  41  4:20  Starport  
  43  4:28  SCV  
  43  4:29  Supply Depot, Marine x2  
  46  4:33  Marauder  
  48  4:41  Marine x2  
  48  4:43  SCV  
  51  4:47  Supply Depot  
  51  4:53  Marine  
  51  4:54  Marauder  
  54  5:01  Supply Depot  
  54  5:08  Supply Depot, Marine, Medivac x2  
  54  5:10  Barracks Tech Lab  
  54  5:13  Marine  
  60  5:16  SCV, Marauder  
  63  5:26  Marine  
  63  5:27  Supply Depot  
  64  5:30  Marine  
  64  5:33  SCV  
  66  5:37  Marauder  
  66  5:38  Marauder  
  66  5:40  Concussive Shells  
  70  5:44  Marine  
  70  5:48  Marine  
  72  5:50  Medivac  
  57  6:34  Marine x2  
Tags
 
Add a new tag
Caveats
  • Supply blocks, unpowered buildings, or Contaminate may cause inaccurate times.
  • Supply counts are checked every 10 seconds.